 Dungeon Crawl Stone Soup version 0.28-a0-1560-g060a6a1bfc (webtiles) character file.

Game seed: 10316821495308132348

24 BritishOli the Slasher (level 2, -2/23 HPs)
             Began as a Demonspawn Gladiator on Jan 19, 2022.
             Succumbed to an adder's poison
             ... on level 2 of the Dungeon.
             The game lasted 00:01:45 (1153 turns).

BritishOli the Slasher (Demonspawn Gladiator)       Turns: 1153, Time: 00:01:46

Health: -2/23      AC:  4    Str: 14    XL:     2   Next: 79%
Magic:  2/2        EV: 12    Int:  9    God:
Gold:   49         SH:  0    Dex: 14    Spells: 1/1 levels left

rFire   . . .      SeeInvis .   a - +0 long sword
rCold   . . .      Faith    .   (no shield)
rNeg    . . .      Spirit   .   b - +0 leather armour
rPois   .          Reflect  .   c - +0 helmet
rElec   .          Harm     .   (no cloak)
rCorr   .          Rampage  .   (no gloves)
Will    .....                   (no boots)
Stlth   +.........              (no amulet)
HPRegen 0.07/turn               (no ring)
MPRegen 0.08/turn               (no ring)

@: lethally poisoned (-2 -> -13), flying
A: powered by death 1
a: no special abilities


You were on level 2 of the Dungeon.
You visited 1 branch of the dungeon, and saw 2 of its levels.

You collected 49 gold pieces.

Inventory:

Hand Weapons
 a - a +0 long sword (weapon)
Missiles
 d - 3 throwing nets (quivered)
Armour
 b - a +0 leather armour (worn)
 c - a +0 helmet (worn)
Scrolls
 g - 2 scrolls of blinking {unknown}
 h - 2 scrolls of vulnerability {unknown}
 i - a scroll of enchant weapon {unknown}
 j - a scroll of fog {unknown}
Potions
 e - a potion of flight
 f - a potion of magic


   Skills:
 * Level 2.4 Fighting
 * Level 3.0 Long Blades
 - Level 2.0 Throwing
 + Level 0.3 Armour
 + Level 2.9 Dodging


You had one spell level left.
You didn't know any spells.
Your spell library was empty.

Dungeon Overview and Level Annotations

Branches:
Dungeon (2/15)

Altars:

Shops:
D:2 (


Innate Abilities, Weirdness & Mutations

You regenerate a little health from kills.


Message History

The adder barely misses you.
You miss the adder.
The frilled lizard hisses angrily.
The adder bites you.
You are poisoned.
The adder poisons you! The adder bites you.
You hit the adder.
The adder is moderately wounded.
You feel sick. The adder closely misses you.
You barely miss the adder.
The adder is moderately wounded.
You feel sick. The adder bites you but does no damage.
The adder barely misses you.
You closely miss the adder.
The adder is moderately wounded.
You feel sick. The adder barely misses you.
You barely miss the adder.
The adder is moderately wounded.
You feel sick. The adder barely misses you. The frilled lizard misses you.
The adder barely misses you.
You miss the adder.
The adder is moderately wounded.
You feel sick.
You are no longer poisoned.
The adder misses you. The frilled lizard barely misses you.
The adder bites you. The frilled lizard bites you. The adder bites you.
* * * LOW HITPOINT WARNING * * *
You are lethally poisoned!
The adder poisons you!
It was a potion of magic.
Magic courses through your body.
* * * LOW HITPOINT WARNING * * *
You feel sick. The adder bites you.
* * * LOW HITPOINT WARNING * * *
You are more poisoned.
The adder poisons you!
It was a potion of flight.
You feel very buoyant.
You fly up into the air.
You die...

#...............#
####...............#
#..(...............#
#..................#
....................
#.........∩.........
#.......####.##.....
###.###.# #.# .....
#.##@.# #.# ###.
##.lS.## #.######.#
##...### #.##.....#
#...## #....##..#
#..## ####.....#
#..# #.....#### ....
####....## ..#..
#.....#.#######.
#....
#...##..#...<.....


You could see an adder and a frilled lizard.

Vanquished Creatures
  2 dart slugs (D:1)
  3 ball pythons (D:1)
  3 bats (D:1)
  3 endoplasms (D:1)
  A giant cockroach (D:1)
  4 goblins (D:1)
  A hobgoblin (D:1)
  A rat (D:1)
18 creatures vanquished.

Notes
Turn   | Place    | Note
-------+----------+-------------------------------------------
     0 | D:1      | BritishOli the Demonspawn Gladiator began the quest for the
                  | Orb.
     0 | D:1      | Reached XP level 1. HP: 16/16 MP: 1/1
   691 | D:1      | Found a faded altar of an unknown god.
   722 | D:1      | Gained mutation: You regenerate a little health from kills.
                  | [demonic ancestry]
   722 | D:1      | Reached XP level 2. HP: 22/22 MP: 2/2
   826 | D:1      | Reached skill level 3 in Long Blades
  1118 | D:2      | Found Jitziph's Weapon Shop.
  1152 | D:2      | HP: 1/23 [adder (2)]
  1153 | D:2      | Succumbed to an adder's poison

Illustrated notes

Levels and vault maps discovered:
D:1:      nicolae_arrival_somewhat_less_tricky_arrival, layout_rooms,
          hellmonk_ecumenical_altar_heavens_door, minmay_misc_feat_hallway
D:2:      layout_rooms, serial_shops, shop, uniq_terence, uniq_jessica

Skill      XL: |  1  2 |
---------------+-------+-----
Throwing       | 2 |  2.0
Long Blades    | 3 |  3.0
Fighting       | |  2.4
Armour         | |  0.3
Dodging        | |  2.9

Action                   || total
-------------------------++-------
Melee: Long sword        ||    54
  Use: Potion            ||     2
Armor: Leather armour    ||    25
Dodge: Dodged            ||    38

Table legend: (Time is in decaauts)
 A = Elapsed time spent in this place.
 B = Non-inter-level travel time spent in this place.
 C = Inter-level travel time spent in this place.
 D = Time resting spent in this place.
 E = Time spent auto-exploring this place.
 F = Levels seen in this place.
 G = Mean time per level.
                   A        B        C        D        E       F      G
               +--------+--------+--------+--------+--------+-----+--------+
         Total |   1166 |   1149 |     17 |    226 |    785 |   2 |  583.0 |
       Dungeon |   1166 |   1149 |     17 |    226 |    785 |   2 |  583.0 |
               +--------+--------+--------+--------+--------+-----+--------+

Top non-repeatable levels by time:
     D:1: 1110 daAuts
     D:2: 56 daAuts
